AoeStats
← OstrichesLeader

Socotra

504556822Analyzed
3v3 RM · 25d ago on Sep 5, 2026· 28m 36s· 6 players
Game mode
Random Map
Map size
128×128
Population
200
Speed
Normal
Resources
Standard
Victory
Conquest
Starting age
Dark Age
Ending age
Imperial Age
RankedLock teamsTeams togetherTeam positionsShared explorationLock speedFull tech treeHidden civsTurbo modeCheats
Victory
Defeat
🇺🇸 Goths · United States
731
+27
🇸🇦 Ethiopians · Saudi Arabia
723
+28
🇸🇦 Inca · Saudi Arabia
656
+22
🇫🇷 Cumans · France
707
-16
🇨🇱 Magyars · Chile
699
-16
🇵🇱 Poles · Poland
633
-13
mauri90.hermosilla
12:19 Feudal Age
15:40 Man-at-Arms
17:22 Gold Mining
20:40 Double-Bit Axe
21:13 Arson
25:55 Castle Age
23:44 Horse Collar
26:14 Long Swordsman
26:17 Light Cavalry
mariuszz490
0:28 Loom
11:27 Feudal Age
12:44 Wheelbarrow
12:25 Town Watch
15:32 Double-Bit Axe
16:22 Horse Collar
16:52 Man-at-Arms
23:24 Castle Age
23:05 Bloodlines
23:23 Gold Mining
23:42 Arson
24:29 Bow Saw
25:16 Scale Barding Armor
25:21 Forging
25:11 Scale Mail Armor
25:11 Padded Archer Armor
25:01 Fletching
26:14 Husbandry
25:38 Light Cavalry
26:36 Crossbowman
27:42 Heavy Plow
Marcus
3:20 Loom
11:44 Feudal Age
15:54 Double-Bit Axe
16:09 Horse Collar
PENAROZAx
11:03 Feudal Age
12:36 Loom
13:18 Double-Bit Axe
15:48 Castle Age
16:04 Crossbowman
16:37 Fletching
22:20 Bodkin Arrow
25:20 Padded Archer Armor
27:29 Ballistics
27:38 Gold Mining
27:40 Stone Mining
OstrichesLeader
14:03 Feudal Age
15:34 Man-at-Arms
25:05 Scale Mail Armor
25:16 Forging
27:42 Double-Bit Axe
27:58 Horse Collar
TartarRush
7:58 Loom
11:21 Feudal Age
11:55 Horse Collar
14:37 Champi Runner
15:27 Scale Mail Armor
15:58 Double-Bit Axe
16:31 Arson
18:14 Forging
22:31 Castle Age
23:21 Padded Archer Armor
Connection lost

Rejoining the realm…

Still unreachable

The connection could not be restored.

Session expired

The server has moved on; the page needs a fresh start.